 Dungeon Crawl Stone Soup version 0.18.1-5-g4a78601 (webtiles) character file.

13952 shmeve the Fighter (level 11, -3/105 HPs)
             Began as a Minotaur Berserker on May 11, 2016.
             Was a High Priest of Trog.
             Engulfed by a cloud of freezing vapour (7 damage)
             ... in an ice cave.
             The game lasted 00:15:32 (8748 turns).

shmeve the Fighter (Minotaur Berserker)             Turns: 8748, Time: 00:15:33

Health: -3/105     AC: 20    Str: 25    XL:     11   Next: 82%
Magic:  10/10      EV: 10    Int:  5    God:    Trog [*****.]
Gold:   669        SH:  6    Dex: 13    Spells: 0 memorised, 10 levels left

rFire  . . .     SeeInvis .     E - +2 battleaxe (freeze)
rCold  . . .     Gourm    .     G - +0 plate armour
rNeg   . . .     Faith    .     (shield currently unavailable)
rPois  .         Spirit   .     t - +2 hat
rElec  .         Dismiss  .     j - +0 cloak
rCorr  .         Reflect  +     w - +0 pair of gloves
SustAt .         Harm     .     A - +0 pair of boots
MR     ++...                    h - +6 amulet of reflection
Stlth  ..........               y - +4 ring of evasion
                                r - +4 ring of dexterity

@: regenerating, very resistant to hostile enchantments, extremely unstealthy
A: retaliatory headbutt, horns 2
a: Berserk, Trog's Hand, Brothers in Arms, Burn Spellbooks, Renounce Religion


You were in an ice cave.
You worshipped Trog.
Trog was extremely pleased with you.
You were not hungry.

You visited 2 branches of the dungeon, and saw 10 of its levels.
You also visited: Ice Cave.

You collected 669 gold pieces.

Inventory:

Hand Weapons
 q - a +0 war axe
 E - a +2 battleaxe of freezing (weapon)
Armour
 j - a +0 cloak (worn)
 t - a +2 hat (worn)
 w - a +0 pair of gloves (worn)
 A - a +0 pair of boots (worn)
 G - a +0 plate armour (worn)
Jewellery
 h - a +6 amulet of reflection (around neck)
 r - a +4 ring of dexterity (left hand)
 y - a +4 ring of evasion (right hand)
 H - an uncursed ring of protection from magic {unknown}
 M - an uncursed ring of ice {unknown}
 N - an uncursed ring of protection from cold {unknown}
Scrolls
 b - 7 scrolls of remove curse {unknown}
 g - 2 scrolls of magic mapping {unknown}
 i - 4 scrolls of teleportation {unknown}
 l - 2 scrolls of random uselessness {unknown}
 m - a scroll of recharging {unknown}
 o - 6 scrolls of identify {unknown}
 u - a scroll of noise {unknown}
 v - a scroll of blinking {unknown}
 D - 2 scrolls of enchant armour {unknown}
 F - 2 scrolls of enchant weapon {unknown}
 I - a scroll of fog {unknown}
 J - a scroll of amnesia {unknown}
Potions
 a - 2 potions of agility {unknown}
 e - 6 potions of curing
 k - 5 potions of degeneration {unknown}
 n - 3 potions of brilliance {unknown}
 p - a potion of heal wounds {unknown}
 s - 2 potions of ambrosia {unknown}
 z - 2 potions of flight {unknown}
 B - a potion of cure mutation {unknown}
 C - a potion of lignification {unknown}
 K - a potion of mutation {unknown}
 L - 2 potions of cancellation {unknown}
Comestibles
 c - 5 bread rations
 d - 3 slices of pizza
 f - 7 meat rations
 x - 32 chunks of flesh


   Skills:
 * Level 12.7 Fighting
 * Level 12.5 Axes
 + Level 6.8 Throwing
 + Level 9.1 Armour
 + Level 8.5 Dodging


You had 10 spell levels left.
You didn't know any spells.

Dungeon Overview and Level Annotations

Branches:
Dungeon (8/15)             Temple (0/1) D:7            Lair (2/8) D:8

Altars:
Ashenzari
Dithmenos
Gozag
Makhleb
Nemelex Xobeh
Ru
Xom
Yredelemnul


Innate Abilities, Weirdness & Mutations

You reflexively headbutt those who attack you in melee.
You have a pair of horns on your head.


Message History

You see here a longbow of freezing.
N - a jade ring You see here a curved glowing staff.
You see here an animal skin of cold resistance.
You are engulfed in freezing vapours.
You are engulfed in freezing vapours.
Found an ice covered gate leading back out of this place.
You are engulfed in freezing vapours.
Your skin crawls.
You feel resistant to hostile enchantments.
You feel slightly more hungry.
You are engulfed in freezing vapours.
* * * LOW HITPOINT WARNING * * *
You are engulfed in freezing vapours.
You are engulfed in freezing vapours.
* * * LOW HITPOINT WARNING * * *
You are engulfed in freezing vapours.
* * * LOW HITPOINT WARNING * * *
There is an ice covered gate leading back out of this place here.
You are engulfed in freezing vapours.
You die...

#..##
##.## #÷##
#§.# #.##
#§§## ##.#
##§.# ##.#
##§# #..#
#§§# #.##
#§§# #.##
#§##
##.### #@#
#.#.## ###
#....#
##.#.##
#.###.#
≈≈≈ #.
##.##≈≈#≈
##
#..#≈≈≈≈≈
###
##.##≈≈≈#≈
######.#
#.≈#≈#≈≈≈≈
##.##...#


There were no monsters in sight!

Vanquished Creatures
  A frost giant (IceCv)
  Harold (Lair:1)
  Pikel (D:5)
  Joseph (Lair:1)
  2 spiny frogs (Lair:1)
  A komodo dragon (D:8)
  18 polar bears (IceCv)
  The ghost of Iamsock the Covered, an amateur DsFi of Qazlal (D:4)
  Sigmund (D:2)
  A basilisk (Lair:1)
  Grum (Lair:1)
  18 yaks
  A hungry ghost (D:7)
  2 hippogriffs
  4 water moccasins
  2 porcupines (Lair:1)
  2 phantoms
  4 slaves (D:5)
  A black bear (D:7)
  A sky beast (D:7)
  11 wolves
  A centaur (D:5)
  An ogre (D:5)
  A crocodile (Lair:2)
  3 giant frogs
  2 scorpions
  3 wights (D:6)
  A howler monkey (D:6)
  A centaur zombie (D:6)
  3 hounds
  3 orc priests
  A centaur skeleton (D:8)
  5 iguanas
  3 orc wizards
  3 worker ants
  A hound skeleton (D:8)
  12 adders
  4 shadow imps
  An adder skeleton (D:6)
  2 worms (D:3)
  4 dart slugs
  6 giant geckos
  16 orcs
  3 giant cockroaches
  11 hobgoblins
  8 jackals
  3 quokkas
  A ball python (D:1)
  8 bats
  8 giant newts
  4 goblins
  A jackal skeleton (D:8)
  8 kobolds
  2 quokka skeletons
  7 rats
  A spectral orc (D:7)
  A plant (D:8)
218 creatures vanquished.

Vanquished Creatures (others)
  8 wolves (IceCv)
8 creatures vanquished.

Grand Total: 226 creatures vanquished

Notes
Turn   | Place    | Note
--------------------------------------------------------------
     0 | D:1      | shmeve the Minotaur Berserker began the quest for the Orb.
     0 | D:1      | Reached XP level 1. HP: 19/19 MP: 0/0
   176 | D:1      | Reached XP level 2. HP: 26/27 MP: 1/1
   622 | D:1      | Reached ** piety under Trog
   918 | D:2      | Reached XP level 3. HP: 32/33 MP: 2/2
  1025 | D:2      | Found a sacrificial altar of Ru.
  1046 | D:2      | Found a shimmering altar of Xom.
  1172 | D:2      | Reached skill level 1 in Throwing
  1177 | D:2      | Noticed Sigmund
  1194 | D:2      | Killed Sigmund
  1194 | D:2      | Reached skill level 5 in Fighting
  1194 | D:2      | Reached skill level 5 in Axes
  1194 | D:2      | Reached XP level 4. HP: 41/42 MP: 3/3
  1194 | D:2      | Reached XP level 5. HP: 47/48 MP: 4/4
  1805 | D:3      | Reached *** piety under Trog
  2271 | D:3      | Reached XP level 6. HP: 56/56 MP: 5/5
  2597 | D:4      | Noticed Iamsock's ghost (amateur DsFi)
  2608 | D:4      | Killed Iamsock's ghost
  2608 | D:4      | Reached XP level 7. HP: 51/63 MP: 6/6
  2908 | D:4      | Reached **** piety under Trog
  3301 | D:5      | Entered Level 5 of the Dungeon
  3537 | D:5      | Noticed Pikel
  3550 | D:5      | Killed Pikel
  3550 | D:5      | Reached skill level 5 in Armour
  3550 | D:5      | Reached XP level 8. HP: 73/73 MP: 7/7
  3873 | D:5      | Found a sparkling altar of Nemelex Xobeh.
  4007 | D:6      | Reached skill level 5 in Dodging
  4082 | D:6      | Found a shadowy altar of Dithmenos.
  4082 | D:6      | Found an opulent altar of Gozag.
  4332 | D:6      | Found a shattered altar of Ashenzari.
  4626 | D:6      | Reached XP level 9. HP: 82/82 MP: 8/8
  4905 | D:7      | Found a basalt altar of Yredelemnul.
  4982 | D:7      | Found a basalt altar of Yredelemnul.
  5308 | D:7      | Found a staircase to the Ecumenical Temple.
  5405 | D:7      | Found a burning altar of Makhleb.
  6072 | D:8      | Found a staircase to the Lair.
  6073 | D:8      | Noticed a komodo dragon
  6095 | D:8      | Killed a komodo dragon
  6102 | Lair:1   | Entered Level 1 of the Lair of Beasts
  6243 | Lair:1   | Noticed Harold
  6259 | Lair:1   | Killed Harold
  6259 | Lair:1   | Reached skill level 10 in Fighting
  6259 | Lair:1   | Reached skill level 10 in Axes
  6259 | Lair:1   | Reached skill level 5 in Throwing
  6259 | Lair:1   | Reached XP level 10. HP: 23/93 MP: 9/9
  6452 | Lair:1   | Noticed Grum
  6463 | Lair:1   | Killed Grum
  6540 | Lair:1   | Noticed Joseph
  6556 | Lair:1   | Killed Joseph
  6556 | Lair:1   | Reached ***** piety under Trog
  7237 | Lair:1   | Noticed a spiny frog
  7245 | Lair:1   | Killed a spiny frog
  7417 | Lair:1   | Noticed a spiny frog
  7421 | Lair:1   | Killed a spiny frog
  7514 | Lair:2   | Found a frozen archway.
  7524 | IceCv    | Entered an ice cave
  8036 | IceCv    | Reached XP level 11. HP: 75/102 MP: 10/10
  8620 | IceCv    | Noticed a frost giant
  8646 | IceCv    | Killed a frost giant
  8747 | IceCv    | HP: 2/105 [something (15)]
  8748 | IceCv    | Engulfed by a cloud of freezing vapour

Skill      XL: |  1  2  3  4  5  6  7  8  9 10 11 |
---------------+----------------------------------+-----
Axes           | 4 5 7 8 10 11 12 | 12.5
Fighting       | 4 5 6 7 8 10 11 12 | 12.7
Throwing       | 1 2 3 4 5 6 |  6.8
Armour         | 3 4 5 7 8 9 |  9.1
Dodging        | 3 4 5 6 7 8 |  8.5

Action                   |  1- 3 |  4- 6 |  7- 9 | 10-12 || total
-------------------------+-------+-------+-------+-------++-------
Melee: Hand axe          |    91 |    36 |       |       ||   127
       Headbutt          |    11 |    18 |    53 |    83 ||   165
       War axe           |       |    37 |   256 |   233 ||   526
Invok: Berserk           |     1 |     1 |     2 |     5 ||     9
       Trog's Hand       |     1 |       |     2 |     3 ||     6
       Burn Spellbooks   |       |       |     1 |     2 ||     3
  Eat: Chunk             |     8 |     3 |    18 |    12 ||    41
       Royal jelly       |       |       |       |     1 ||     1
       Beef jerky        |       |       |       |     1 ||     1
Armor: Animal skin       |     8 |       |       |       ||     8
       Scale mail        |    13 |    22 |       |       ||    35
       Chain mail        |       |     6 |    95 |       ||   101
       Plate armour      |       |       |    24 |   162 ||   186
Dodge: Dodged            |    66 |    31 |   147 |   185 ||   429
Block: Other             |    21 |    22 |    81 |    78 ||   202
       Reflection        |     3 |       |     2 |     1 ||     6
